 Dungeon Crawl Stone Soup version 0.24.0-123-gd5b16e6ec5 (webtiles) character file.

Game seed: 6951382327234993863, levelgen mode: deterministic

1920167 FishyPogo the Slayer (level 25, 251/272 HPs)
             Began as a Demonspawn Gladiator on Dec 23, 2019.
             Was the Champion of Yredelemnul.
             Escaped with the Orb
             ... and 3 runes on Dec 24, 2019!
             The game lasted 07:06:15 (52076 turns).

FishyPogo the Slayer (Demonspawn Gladiator)        Turns: 52076, Time: 07:06:15

Health: 251/272    AC: 45    Str: 31    XL:     25   Next: 90%
Magic:  33/33      EV: 20    Int: 17    God:    Yredelemnul [******]
Gold:   8124       SH: 33    Dex: 20    Spells: 17/24 levels left

rFire    + + +     SeeInvis .   a - +7 sceptre of Torment {pain, torment}
rCold    + + .     Gourm    .   B - +7 large shield of Nubuw {+Fly MR+ Str+2}
rNeg     + . .     Faith    .   C - +3 plate armour {MR+}
rPois    +         Spirit   .   D - +5 hat "Xuim" {Regen+ Dex+3}
rElec    +         Reflect  .   Z - +4 cloak "Huerot" {rElec rCorr}
rCorr    +         Harm     .   (gloves unavailable)
MR       +++++                  P - +0 pair of boots "Xidghemuo" {rF+ Str+4}
Stlth    ..........             o - amulet of Hot Yco {*Contam rElec rPois rF+ Regen+}
HPRegen  1.35/turn              H - ring "Gesiur" {Fire +Fly MR+}
MPRegen  0.23/turn              p - ring of the Present {rC+ rN+ MR+ Int+4}

@: mighty, agile, hasted, studying Armour, very quick
A: claws 3, icy blue scales 3, clumsy 1, cold resistance 1, dopey 1, icemail,
mutation resistance 1, powered by death 3, robust 2, weak 1, freezing cloud
immunity
0: Orb of Zot
}: 3/15 runes: decaying, silver, gossamer
a: Recall Undead Slaves, Injury Mirror, Animate Dead, Drain Life, Enslave Soul,
Renounce Religion, Evoke Flight


You escaped.
You worshipped Yredelemnul.
Yredelemnul was exalted by your worship.
You were very full.

You visited 9 branches of the dungeon, and saw 49 of its levels.
You also visited: Trove, Ice Cave and Desolation.

You collected 9253 gold pieces.
You spent 1129 gold pieces at shops.

Inventory:

Hand Weapons
 a - the +7 sceptre of Torment (weapon) {pain, torment}
   (You found it on level 10 of the Dungeon)

   In the hands of one skilled in necromantic magic, it inflicts extra damage on
   living creatures.
 b - the +8 flail of Riwopil {crush, *Noise Dex+6 Stlth+}
   (You took it off a spriggan druid on level 4 of the Swamp)

   It inflicts extra damage upon your enemies.
   It affects your dexterity (+6).
   It may make noises in combat.
   It makes you more stealthy.
Missiles
 d - 6 throwing nets
 k - 78 poisoned darts (quivered)
 F - 50 boomerangs
 O - 11 silver boomerangs
Armour
 B - the +7 large shield of Nubuw (worn) {+Fly MR+ Str+2}
   (You took it off Louise on level 3 of the Swamp)

   It affects your strength (+2).
   It affects your resistance to hostile enchantments.
   It lets you fly.
 C - a +3 plate armour of magic resistance (worn)
 D - the +5 hat "Xuim" (worn) {Regen+ Dex+3}
   (You found it in an ice cave)

   It affects your dexterity (+3).
   It increases your rate of regeneration.
 P - the +0 pair of boots "Xidghemuo" (worn) {rF+ Str+4}
   (You found it on level 5 of the Vaults)

   It affects your strength (+4).
   It protects you from fire.
 Z - the +4 cloak "Huerot" (worn) {rElec rCorr}
   (You found it on level 10 of the Dungeon)

   It insulates you from electricity.
   It provides partial protection from all sources of acid and corrosion.
Jewellery
 o - the amulet of Hot Yco (around neck) {*Contam rElec rPois rF+ Regen+}
   (You bought it in a shop on level 1 of the Elven Halls)

   [amulet of regeneration]

   It protects you from fire.
   It insulates you from electricity.
   It protects you from poison.
   It causes magical contamination when unequipped.
   It increases your rate of regeneration.
 p - the ring of the Present (right claw) {rC+ rN+ MR+ Int+4}
   (You found it in a treasure trove)

   [ring of protection from cold]

   It affects your intelligence (+4).
   It protects you from cold.
   It protects you from negative energy.
   It affects your resistance to hostile enchantments.
 H - the ring "Gesiur" (left claw) {Fire +Fly MR+}
   (You found it in the Desolation of Salt)

   [ring of fire]

   It enhances your fire magic.
   It protects you from fire.
   It makes you vulnerable to cold.
   It affects your resistance to hostile enchantments.
   It lets you fly.
 T - the amulet of Ilabruiq {Reflect -Tele rF+++ Dex+5 SH+3}
   (You found it in a treasure trove)

   [amulet of reflection]

   It shields you and reflects attacks.
   It affects your dexterity (+5).
   It renders you almost immune to fire.
   It prevents most forms of teleportation.
   It affects your SH (+3).
Wands
 c - a wand of iceblast (37)
 s - a wand of enslavement (21)
 G - a wand of disintegration (18)
 I - a wand of paralysis (71)
 J - a wand of digging (30)
 L - a wand of acid (17)
 S - a wand of flame (61)
 V - a wand of clouds (4)
Scrolls
 g - 26 scrolls of remove curse
 i - 21 scrolls of identify
 l - 8 scrolls of immolation
 n - 20 scrolls of teleportation
 r - 5 scrolls of magic mapping
 v - 8 scrolls of fear
 y - a scroll of vulnerability
 R - a scroll of blinking
 U - 2 scrolls of torment
 X - a scroll of brand weapon
Potions
 e - 4 potions of cancellation
 j - a potion of magic
 m - 7 potions of brilliance
 q - 5 potions of invisibility
 u - 4 potions of might
 w - 2 potions of haste
 x - a potion of mutation
 z - 6 potions of lignification
 A - 24 potions of curing
 E - 6 potions of agility
 K - 5 potions of flight
 N - 4 potions of berserk rage
 Q - 4 potions of ambrosia
 W - 5 potions of resistance
Books
 h - a manual of Armour
Comestibles
 f - 92 rations


   Skills:
 - Level 25.0 Fighting
 + Level 16.6 Maces & Flails
 - Level 5.0 Throwing
 * Level 13.6 Armour
 - Level 11.0 Dodging
 + Level 21.4 Shields
 - Level 3.0 Charms
 - Level 9.0 Necromancy
 - Level 14.0 Invocations
 - Level 11.0 Evocations


You had 17 spell levels left.
You knew the following spells:

 Your Spells              Type           Power        Failure   Level  Hunger
h - Regeneration          Chrm/Necr      ###.......   45%         3    ####...
p - Shroud of Golubria    Chrm/Tloc      #.....       86%         2    ###....
u - Song of Slaying       Chrm           ##......     65%         2    ###....

Your spell library contained the following spells:

 Spells                   Type           Power        Failure   Level  Hunger
 Sublimation of Blood     Necr           ####......   8%          2    ###....
 Infusion                 Chrm           ##..         52%         1    ##.....
 Swiftness                Chrm/Air       #.......     86%         2    ###....
 Confusing Touch          Hex            #.....       90%         1    ##.....
 Corona                   Hex            #......      90%         1    ##.....
 Flame Tongue             Conj/Fire      #....        90%         1    ##.....
 Freeze                   Ice            #...         90%         1    ##.....
 Sandblast                Erth           #.....       90%         1    ##.....
 Sting                    Conj/Pois      #...         90%         1    ##.....
 Summon Butterflies       Summ           #.......     90%         1    ##.....
 Ensorcelled Hibernation  Hex/Ice        #.....       97%         2    ###....
 Passwall                 Tmut/Erth      #.......     97%         2    ###....
 Poisonous Vapours        Pois/Air       #.....       97%         2    ###....
 Spectral Weapon          Hex/Chrm       #.......     97%         3    ####...
 Call Canine Familiar     Summ           #.......     99%         3    ####...
 Confuse                  Hex            #.......     99%         3    ####...
 Dazzling Spray           Conj/Hex       #.....       99%         3    ####...
 Gell's Gravitas          Tloc           #.........   99%         3    ####...
 Ignite Poison            Fire/Tmut/Pois #.......     99%         3    ####...
 Lesser Beckoning         Tloc           #.........   99%         3    ####...
 Mephitic Cloud           Conj/Pois/Air  #.......     99%         3    ####...
 Stone Arrow              Conj/Erth      #.....       99%         3    ####...
 Tukima's Dance           Hex            #.......     99%         3    ####...
 Cause Fear               Hex            #.........   100%        4    #####..
 Leda's Liquefaction      Hex/Erth       #.........   100%        4    #####..
 Olgreb's Toxic Radiance  Pois           #.......     100%        4    #####..
 Petrify                  Tmut/Erth      #.......     100%        4    #####..
 Summon Ice Beast         Ice/Summ       #.......     100%        4    #####..
 Summon Lightning Spire   Summ/Air       #.......     100%        4    #####..
 Alistair's Intoxication  Tmut/Pois      #.......     100%        5    ######.
 Bolt of Magma            Conj/Fire/Erth #.........   100%        5    ######.
 Irradiate                Conj/Tmut      #.........   100%        5    ######.
 Lee's Rapid Deconstruct  Erth           #.........   100%        5    ######.
 Metabolic Englaciation   Hex/Ice        #.........   100%        5    ######.
 Silence                  Hex/Air        #.........   100%        5    ######.
 Summon Forest            Summ/Tloc      #.........   100%        5    ######.
 Summon Mana Viper        Hex/Summ       #.......     100%        5    ######.
 Venom Bolt               Conj/Pois      #.........   100%        5    ######.
 Yara's Violent Unravell  Hex/Tmut       #.........   100%        5    ######.
 Bolt of Cold             Conj/Ice       #.........   100%        6    #######
 Bolt of Fire             Conj/Fire      #.........   100%        6    #######
 Conjure Ball Lightning   Conj/Air       #.........   100%        6    #######
 Darkness                 Hex            #.........   100%        6    #######
 Deflect Missiles         Chrm/Air       #.........   100%        6    #######
 Freezing Cloud           Conj/Ice/Air   #.........   100%        6    #######
 Invisibility             Hex            #.......     100%        6    #######
 Iron Shot                Conj/Erth      #.........   100%        6    #######
 Statue Form              Tmut/Erth      #........    100%        6    #######
 Dragon Form              Tmut           #.........   100%        7    #######
 Haunt                    Necr/Summ      ###.......   100%        7    #######
 Malign Gateway           Summ/Tloc      #.........   100%        7    #######
 Summon Hydra             Summ           #.........   100%        7    #######
 Borgnjor's Revivificati  Necr           ####......   100%        8    #######
 Death's Door             Chrm/Necr      ###.......   100%        8    #######
 Infestation              Necr           ####......   100%        8    #######
 Necromutation            Tmut/Necr      ###.......   100%        8    #######
 Dragon's Call            Summ           #.........   100%        9    #######
 Shatter                  Erth           #.........   100%        9    #######
 Tornado                  Air            #.........   100%        9    #######
 Passage of Golubria      Tloc           Unusable     N/A         4    N/A

Dungeon Overview and Level Annotations

Branches:
Dungeon (15/15)            Temple (0/1) D:5            Lair (6/6) D:9
  Swamp (4/4) Lair:4       Spider (4/4) Lair:2        Slime (0/5) Lair:6
    Orc (2/2) D:12            Elf (3/3) Orc:2        Vaults (5/5) D:13
  Crypt (0/3) Vaults:3     Depths (5/5) D:15            Zot (5/5) Depths:5
  IceCv (visited)         Desolation (visited)

Altars:
Gozag
Kikubaaqudgha
Makhleb
Vehumet
Xom
Yredelemnul
Beogh
Lugonu

Shops:
D:13 :   Orc:1 (   Orc:2 }?=:   Elf:1 }=}   Vaults:3 =(   Vaults:4 !

Portals:
Hell: Depths:1 Depths:2 Depths:3 Depths:4 Depths:5
Abyss: Depths:1 Depths:4
Pandemonium: Depths:3
Ziggurat: Depths:3

Annotations:
Lair:2 exclusions: plant and 4 more exclusions


Innate Abilities, Weirdness & Mutations

You have claws for hands.
You are completely covered in icy blue scales. (AC +4, rC+)
Your flesh is cold resistant. (rC+)
A meltable icy envelope protects you from harm. (AC +10)
You regenerate a lot of health from kills.
You are very robust. (+20% HP)
You are immune to freezing clouds.
You are clumsy. (Dex -2)
You are dopey. (Int -2)
You are somewhat resistant to further mutation.
You are weak. (Str -2)


Message History

You bludgeon the tormentor!!
The tormentor is heavily wounded.
You impale the tormentor!!
You kill the tormentor!
Yredelemnul accepts your kill.
There is a staircase leading out of the dungeon here. [a] Weapon [b] Armour [c] Jewellery [d] Book [e] Staff [f] Evocable [g] Food [h] Gold (you have $8124)
What kind of item would you like to acquire? [\] known items Something appears at your feet!
Press: ? - help, v - describe, . - travel, g - get item A manual of Armour.
A staircase leading out of the dungeon.
This square is covered in magical glow.
Unknown command.
Unknown command.
Unknown command.
You can't go down here!
h - a manual of Armour You have escaped!

############....## #...).###
#............##..# #.#####
##.#'###########'# #.#
#.#.#.#♣♣♣♣♣#.#.# #.#
#.#.............# #.#
#.#..♣..♣[♣..♣..######.#
#.#≈#♣♣..≈..♣♣#≈#....#.#
#.#≈#P♣.≈≈≈.♣P#≈#.##.#.# ###
#.#≈#>..≈8≈..@#≈#.##.#.# #..
#.#≈#P♣.≈≈≈.♣P#≈#.##.#.# #.#
#.#≈#♣♣..≈..♣♣#≈#.##.#.# #.#
#.#..♣..♣.♣..♣..#.##.#.# #.#
#.#.............#......# #..
#.#.#.#♣♣♣♣♣#.#.#.##.#########
#.#'### ###'#.##..........
#...# #...############ #####
#####


There were no monsters in sight!

Vanquished Creatures
  3 orbs of fire
  4 ancient liches
  the Lernaean hydra (Swamp:4)
  2 Killer Klowns
  10 golden dragons
  2 electric golems
  11 tentacled monstrosities
  20 Orb Guardians
  A Hell Sentinel (Zot:2)
  A quicksilver dragon (Zot:1)
  A lich (Depths:2)
  Jorgrun (Swamp:3)
  A titan (Vaults:5)
  2 Executioners
  A sphinx (Vaults:5)
  10 death cobs
  2 tengu reavers (Vaults:5)
  Frances (Spider:1)
  8 storm dragons
  The ghost of Adoajy the Bludgeoner, an adept DsWr of Ru (Vaults:1)
  7 shadow dragons
  Roxanne (Swamp:3)
  Donald (Swamp:3)
  An azure jelly (shapeshifter) (Vaults:5)
  5 frost giants
  A deep elf sorcerer (Depths:2)
  4 draconian monks
  A ghost moth (Spider:4)
  4 emperor scorpions (Spider:4)
  An orc warlord (Orc:1)
  6 fire giants
  4 draconian scorchers
  7 vault wardens
  3 imperial myrmidons (Desolation)
  A balrug (Zot:5)
  2 draconian knights
  A draconian shifter (Zot:3)
  Louise (Swamp:3)
  A draconian stormcaller (Zot:3)
  A deep elf elementalist (Vaults:5)
  3 draconian annihilators
  A reaper (Zot:5)
  8 ironheart preservers
  5 stone giants
  3 war gargoyles
  5 very ugly things
  An entropy weaver (Spider:1)
  8 green draconians
  A dire elephant (D:15)
  3 deep elf demonologists (Elf:3)
  A deep elf annihilator (Elf:3)
  4 purple draconians
  6 white draconians
  A halazid warlock (Desolation)
  8 red draconians
  8 black draconians
  2 blizzard demons (Depths:4)
  9 yellow draconians
  2 spark wasps
  2 deep elf death magi
  3 crystal guardians
  5 ettins
  A great orb of eyes (Depths:5)
  4 deep elf high priests
  8 yaktaur captains
  4 servants of whispers (Desolation)
  13 hydras
  3 rakshasas
  4 ragged hierophants (Desolation)
  9 vault guards
  2 spectral shadow dragons (Vaults:1)
  3 spriggan air magi
  11 peacekeepers (Desolation)
  2 shambling mangroves
  3 centaur warriors
  5 ice dragons
  13 dancing weapons
  5 deep troll shamans
  8 alligators
  7 ogre magi
  A death knight (D:15)
  3 deep troll earth magi
  5 death yaks
  18 two-headed ogres
  A hell hog (Depths:1)
  An orc high priest (Orc:2)
  6 spriggans
  A spriggan berserker (Depths:5)
  A shadow wraith (Vaults:5)
  8 deep elf knights
  2 spectral humans (Vaults:1)
  A salamander mystic (Depths:2)
  2 skeletal warriors
  A sun demon (Zot:5)
  2 spriggan druids
  A sixfirhy (Depths:4)
  9 deep trolls
  4 swamp dragons
  4 unseen horrors
  A flayed ghost (Vaults:3)
  A glowing orange brain (Vaults:4)
  A necromancer (D:10)
  4 deep elf archers
  3 phantasmal warriors
  5 orb spiders
  A lindwurm (Lair:6)
  11 ironbrand convokers
  8 orc knights
  3 oklob plants (Zot:2)
  5 ugly things
  9 orc sorcerers
  12 wolf spiders
  2 salamanders
  4 cyclopes
  24 deep elf magi
  2 manticores
  21 moths of wrath
  A spectral ettin (Vaults:1)
  A fire giant skeleton (Vaults:4)
  3 elephants (Lair:4)
  A guardian serpent (shapeshifter) (Depths:2)
  A centaur zombie (D:10)
  6 vault sentinels
  6 black mambas
  2 guardian serpents (Desolation)
  4 molten gargoyles
  A torpor snail (Lair:5)
  A centaur skeleton (D:15)
  3 gargoyles
  11 spiny frogs
  3 kobold demonologists
  7 freezing wraiths
  16 yaktaurs
  A yaktaur (shapeshifter) (D:14)
  8 komodo dragons
  4 demonic crawlers
  2 ice devils (Lair:1)
  2 tormentors
  A meliai (shapeshifter) (Depths:2)
  A red devil (Depths:2)
  4 trolls
  8 polar bears (IceCv)
  12 hornets
  10 jumping spiders
  43 saltlings (Desolation)
  7 tyrant leeches
  6 bog bodies
  A polar bear (shapeshifter) (Vaults:1)
  A spectral elf (Vaults:1)
  A hornet (shapeshifter) (Vaults:4)
  A hippogriff (shapeshifter) (Vaults:5)
  9 hippogriffs
  3 blink frogs
  12 slime creatures
  A stone giant simulacrum (Vaults:1)
  A ynoxinul (Depths:4)
  An air elemental (Depths:2)
  10 tarantellas
  3 shadows
  2 wyverns
  26 redbacks
  6 water elementals
  4 wraiths
  A hungry ghost (D:13)
  A fire elemental (Elf:1)
  52 yaks
  An elf simulacrum (Vaults:1)
  A basilisk (Lair:6)
  A human (shapeshifter) (Vaults:5)
  Grum (D:8)
  10 vampire mosquitoes
  Edmund (D:5)
  4 wargs
  8 swamp worms
  5 insubstantial wisps
  2 acid dragons
  A water moccasin (shapeshifter) (Vaults:5)
  13 water moccasins
  12 hell hounds
  10 swamp drakes
  6 porcupines
  A sky beast (D:5)
  A hornet zombie (D:7)
  34 orc warriors
  2 black bears (D:9)
  3 ice beasts
  7 boggarts
  An ettin simulacrum (Vaults:1)
  3 phantoms
  9 wolves
  4 eyes of draining
  16 ogres
  11 centaurs
  10 crocodiles
  A big kobold (shapeshifter) (Vaults:3)
  4 big kobolds
  4 gnoll sergeants
  12 bullfrogs
  2 earth elementals (Elf:2)
  A water moccasin zombie (D:10)
  8 scorpions
  11 killer bees
  4 howler monkeys
  3 lava snakes (Lair:6)
  6 crimson imps
  2 bullfrog zombies
  2 bullfrog skeletons
  A quasit (D:10)
  21 orc priests
  7 jellies
  25 orc wizards
  9 hounds
  An iron imp (Depths:5)
  4 iguanas
  11 worker ants
  A hound zombie (D:7)
  A hound skeleton (D:10)
  A worker ant zombie (D:7)
  9 adders
  17 gnolls
  A swamp drake zombie (Swamp:3)
  2 shadow imps
  2 oozes
  3 adder skeletons
  3 worms
  6 dart slugs
  6 leopard geckos
  82 orcs
  6 bats
  2 giant cockroaches
  9 goblins
  10 hobgoblins
  5 jackals
  5 quokkas
  2 ball pythons
  8 frilled lizards
  13 kobolds
  A leopard gecko skeleton (D:4)
  A quokka skeleton (D:5)
  5 rats
  A fungus (Lair:4)
  A plant (Zot:2)
1350 creatures vanquished.

Vanquished Creatures (collateral kills)
  2 juggernauts (Depths:5)
  2 Killer Klowns (Zot:5)
  Boris (Depths:4)
  The ghost of Cimmios the Fencer, a veteran BaIE of Cheibriados (Depths:2)
  Frederick (Vaults:3)
  A caustic shrike (Depths:3)
  4 golden dragons
  Nikola (Vaults:3)
  4 tentacled monstrosities
  An electric golem (Zot:5)
  The ghost of Dieptu the Severer, an adept MiBe of Trog (Depths:5)
  6 Orb Guardians (Zot:5)
  A titan (Vaults:5)
  2 deep elf blademasters (Elf:3)
  4 liches
  2 deep elf master archers (Elf:3)
  4 quicksilver dragons
  2 death cobs
  2 sphinxes
  4 shadow dragons
  The ghost of FishyPogo the Thaumaturge, an adept GnSk of Makhleb (Swamp:3)
  4 storm dragons
  2 tengu reavers
  4 frost giants
  4 fire giants
  A ghost moth (Spider:4)
  A draconian knight (Zot:5)
  3 draconian scorchers
  3 deep elf sorcerers
  9 vault wardens
  2 iron dragons (Vaults:5)
  An imperial myrmidon (Desolation)
  2 emperor scorpions (Spider:2)
  Aizul (Depths:2)
  3 angels (Depths:3)
  10 ironheart preservers
  A draconian shifter (Zot:5)
  13 stone giants
  A draconian annihilator (Zot:4)
  A war gargoyle (Vaults:5)
  19 very ugly things
  2 deep elf elementalists (Elf:3)
  5 entropy weavers
  3 green draconians
  3 deep elf demonologists
  2 white draconians
  7 deep elf annihilators (Elf:3)
  4 purple draconians
  A halazid warlock (Desolation)
  4 black draconians
  3 red draconians
  3 spark wasps (Depths:5)
  An ettin (shapeshifter) (Elf:3)
  A yellow draconian (Zot:5)
  4 deep elf death magi
  A green death (Depths:5)
  A crystal guardian (Desolation)
  11 fire dragons
  2 blizzard demons (Depths:4)
  2 ettins
  9 yaktaur captains
  A merfolk impaler (Depths:2)
  8 ice dragons
  4 spriggan air magi
  31 vault guards
  2 ghost crabs
  5 great orbs of eyes
  A servant of whispers (Desolation)
  A catoblepas (D:13)
  5 rakshasas
  3 shambling mangroves
  7 centaur warriors
  16 hydras
  25 dancing weapons
  3 death knights
  11 two-headed ogres
  4 deep troll shamans
  7 alligators
  4 tengu warriors
  4 death yaks
  The ghost of NeAGen181 the Black Sun, a novice DDNe of Kikubaaqudgha (D:10)
  2 vampire magi (Depths:2)
  7 ogre magi
  8 deep troll earth magi
  4 spriggan berserkers
  A hell hog (Depths:1)
  2 orc high priests (Orc:2)
  14 deep elf knights
  A spectral human (Vaults:1)
  4 skeletal warriors
  A spectral elf (Vaults:1)
  2 flayed ghosts
  3 spriggan druids (Swamp:4)
  32 deep trolls
  2 salamander mystics
  A glowing orange brain (Depths:3)
  A cherub (Depths:4)
  6 swamp dragons
  A small abomination (Vaults:5)
  2 phantasmal warriors
  10 deep elf archers
  A glowing orange brain (shapeshifter) (Vaults:5)
  An orange crystal statue (Elf:1)
  5 orc knights
  10 ironbrand convokers
  A necromancer (Vaults:4)
  37 deep elf magi
  21 wolf spiders
  8 oklob plants (Zot:2)
  4 wizards
  21 ugly things
  4 orc sorcerers
  7 moths of wrath
  3 manticores
  5 salamanders
  19 orb spiders
  2 cyclopes
  A manticore (shapeshifter) (Vaults:2)
  2 elephants (Lair:4)
  A naga mage (D:15)
  4 gargoyles
  A guardian serpent (Desolation)
  An ice statue (IceCv)
  3 black mambas (Lair:6)
  4 molten gargoyles
  A torpor snail (Spider:1)
  11 vault sentinels
  6 spiny frogs
  A centaur skeleton (D:10)
  49 yaktaurs
  2 rime drakes
  2 komodo dragons
  3 freezing wraiths
  A hellion (Depths:2)
  A komodo dragon (shapeshifter) (Depths:5)
  2 hellwings (Depths:2)
  18 demonic crawlers
  6 tengu conjurers
  5 red devils (Depths:2)
  6 polar bears
  A jumping spider (shapeshifter) (Elf:1)
  23 jumping spiders
  6 trolls
  18 hornets
  10 tyrant leeches
  A merfolk (shapeshifter) (Vaults:5)
  8 blink frogs
  15 bog bodies
  11 saltlings (Desolation)
  A raiju (shapeshifter) (Depths:2)
  11 slime creatures
  A frost giant simulacrum (Vaults:1)
  An ettin zombie (Vaults:4)
  3 hippogriffs
  5 air elementals
  6 spriggans
  A shadow (D:14)
  36 redbacks
  3 ynoxinuls (Depths:4)
  12 water elementals
  2 wraiths (Vaults:1)
  2 yaks (shapeshifter)
  A wyvern (Lair:6)
  17 tarantellas
  A vampire (D:13)
  A basilisk (shapeshifter) (Vaults:1)
  A basilisk (Lair:6)
  2 fire elementals (Elf:1)
  9 yaks
  6 vampire mosquitoes
  2 human simulacra
  3 wargs
  8 swamp worms
  A warg (shapeshifter) (Vaults:3)
  8 insubstantial wisps
  7 hell hounds
  A water moccasin (Lair:3)
  2 porcupines (Lair:5)
  6 swamp drakes
  11 orc warriors
  An ettin simulacrum (Vaults:2)
  2 black bears (shapeshifter)
  A sky beast (D:8)
  24 ogres
  3 wolves (IceCv)
  An elf skeleton (Vaults:4)
  2 boggarts (Vaults:1)
  9 centaurs
  2 crocodiles
  3 big kobolds
  3 bullfrogs
  5 earth elementals
  2 scorpions (D:13)
  A killer bee (D:11)
  3 electric eels
  2 lava snakes (Lair:6)
  5 crimson imps
  A hound (D:7)
  2 jellies
  8 orc priests
  5 orc wizards
  An iguana (D:9)
  5 gnolls
  An adder (D:7)
  A shadow imp (D:15)
  An electric eel skeleton (Spider:4)
  39 orcs
  2 kobolds (D:7)
  2 bushes (Zot:2)
  16 fungi
  9 plants
1154 creatures vanquished.

Vanquished Creatures (others)
  2 bone dragons
  2 profane servitors (Vaults:5)
  A fire giant (Depths:1)
  10 ghouls
  A ghost moth (Zot:3)
  A draconian scorcher (Zot:2)
  A stone giant (Vaults:3)
  12 vampire knights
  A purple draconian (Zot:2)
  A white draconian (Zot:1)
  2 quicksilver dragon zombies
  A deep elf high priest (Vaults:5)
  A spectral minotaur (Depths:4)
  A vault guard (Vaults:5)
  3 yaktaur captains
  A titan zombie (Vaults:5)
  2 storm dragon zombies (Zot:2)
  12 skeletal warriors
  A ghost moth zombie (Zot:3)
  12 flayed ghosts
  2 very ugly thing zombies
  3 golden dragon zombies (Zot:5)
  A shadow dragon zombie (Vaults:5)
  12 phantasmal warriors
  An ugly thing zombie (Depths:2)
  2 draconian zombies (Zot:5)
  3 wolf spider zombies
  A hell hog zombie (Depths:1)
  2 iron dragon zombies (Vaults:5)
  2 frost giant zombies (Vaults:5)
  3 fire giant zombies
  5 stone giant zombies
  2 human skeletons
  A moth of wrath (Zot:5)
  A spectral tengu (D:15)
  A white draconian zombie (Zot:1)
  3 red draconian zombies
  2 yellow draconian zombies
  A swamp worm zombie (Swamp:3)
  A purple draconian zombie (Zot:3)
  14 yaktaurs
  4 green draconian zombies
  A spectral orc (Orc:2)
  12 yaktaur zombies
  2 death yak zombies
  2 ghoul skeletons
  6 hydra zombies
  5 redback zombies
  A white draconian skeleton (Zot:3)
  3 black draconian skeletons
  3 demonic crawler zombies
  4 moth of wrath zombies
  A slime creature (Depths:1)
  2 saltlings (Desolation)
  An ice dragon zombie (Depths:1)
  3 jumping spider zombies
  A fire dragon zombie (Depths:2)
  9 flying skulls
  8 vampires
  A water elemental (Depths:2)
  An alligator skeleton (Swamp:2)
  A tyrant leech zombie (Swamp:3)
  2 wraiths
  4 deep troll zombies (Vaults:5)
  An elf skeleton (Vaults:5)
  28 human zombies
  3 two-headed ogre zombies
  2 spiny frog zombies
  2 orb spider zombies (Spider:4)
  A water moccasin (D:3)
  2 two-headed ogre skeletons
  7 hornet zombies
  8 elf zombies
  A blink frog zombie (Lair:6)
  A ghost crab zombie (Swamp:4)
  2 swamp dragon zombies (Swamp:4)
  3 vampire mosquito zombies
  2 salamander zombies
  A hippogriff zombie (Lair:3)
  A komodo dragon zombie (Lair:3)
  A komodo dragon skeleton (Swamp:1)
  5 hell hound zombies
  A cyclops zombie (D:11)
  2 water moccasin zombies
  6 spriggan zombies
  4 polar bear zombies
  2 tengu zombies
  7 yak zombies
  3 yak skeletons
  3 wights
  3 wolf zombies (IceCv)
  8 centaur zombies
  3 bullfrog zombies
  A wolf skeleton (IceCv)
  A basilisk zombie (Lair:6)
  3 bog body skeletons (Swamp:4)
  A black bear skeleton (D:9)
  A porcupine zombie (Lair:5)
  2 killer bee zombies
  A big kobold zombie (D:13)
  4 crocodile zombies
  8 ogre zombies
  A hound zombie (D:7)
  2 mummies
  A scorpion zombie (D:11)
  4 swamp drake zombies
  A gnoll zombie (D:9)
  A jackal skeleton (D:10)
  2 kobold zombies (D:13)
  3 orc skeletons
  35 orc zombies
  11 fungi
  18 plants
422 creatures vanquished.

Grand Total: 2926 creatures vanquished

Notes
Turn   | Place    | Note
-------+----------+-------------------------------------------
     0 | D:1      | FishyPogo the Demonspawn Gladiator began the quest for the
                  | Orb.
     0 | D:1      | Reached XP level 1. HP: 16/16 MP: 1/1
   397 | D:1      | Gained mutation: You are partially covered in icy blue
                  | scales. (AC +2) [demonic ancestry]
   397 | D:1      | Reached XP level 2. HP: 19/22 MP: 2/2
   732 | D:1      | Reached skill level 1 in Armour
   895 | D:2      | Gained mutation: You are mostly covered in icy blue scales.
                  | (AC +3) [demonic ancestry]
   895 | D:2      | Reached XP level 3. HP: 20/28 MP: 3/3
  1551 | D:2      | Reached XP level 4. HP: 34/34 MP: 4/4
  1983 | D:3      | Reached skill level 3 in Fighting
  1986 | D:3      | Gained mutation: Your flesh is cold resistant. (rC+)
                  | [demonic ancestry]
  1986 | D:3      | Reached XP level 5. HP: 19/41 MP: 5/5
  2439 | D:3      | Found an opulent altar of Gozag.
  2721 | D:3      | Killed a water moccasin
  3100 | D:4      | Gained mutation: You regenerate a little health from kills.
                  | [demonic ancestry]
  3100 | D:4      | Reached XP level 6. HP: 30/48 MP: 4/6
  3534 | D:4      | Reached skill level 4 in Fighting
  3624 | D:5      | Entered Level 5 of the Dungeon
  3626 | D:5      | Found a basalt altar of Yredelemnul.
  3669 | D:5      | Became a worshipper of Yredelemnul the Dark
  3700 | D:5      | Found a staircase to the Ecumenical Temple.
  3719 | D:5      | Noticed a water moccasin
  3729 | D:5      | Killed a water moccasin
  3754 | D:5      | Gained mutation: You have sharp fingernails. [demonic
                  | ancestry]
  3754 | D:5      | Reached XP level 7. HP: 54/55 MP: 7/7
  3825 | D:5      | Reached skill level 1 in Invocations
  3890 | D:5      | Found a burning altar of Makhleb.
  3951 | D:5      | Found a basalt altar of Yredelemnul.
  3953 | D:5      | Found a radiant altar of Vehumet.
  4076 | D:5      | Noticed Edmund
  4104 | D:5      | Killed Edmund
  4104 | D:5      | Reached skill level 5 in Fighting
  4203 | D:6      | Reached XP level 8. HP: 55/62 MP: 9/9
  4312 | D:6      | Reached * piety under Yredelemnul
  4466 | D:6      | Reached skill level 5 in Maces & Flails
  4704 | D:6      | Got a dazzling leather armour
  4715 | D:6      | Identified the cursed +1 leather armour "Pibeehigy" {rF++
                  | Str+3 Int-2 Dex+2} (You found it on level 6 of the Dungeon)
  4922 | D:7      | Reached ** piety under Yredelemnul
  4935 | D:7      | Noticed a hippogriff
  4948 | D:7      | Killed a hippogriff
  4948 | D:7      | Reached skill level 5 in Dodging
  4948 | D:7      | Gained mutation: You have very sharp fingernails. [demonic
                  | ancestry]
  4948 | D:7      | Reached XP level 9. HP: 51/69 MP: 8/12
  5017 | D:7      | Reached skill level 6 in Fighting
  5057 | D:7      | Reached skill level 1 in Evocations
  5173 | D:7      | Reached skill level 5 in Armour
  5361 | D:7      | Reached skill level 5 in Invocations
  5498 | D:7      | Reached *** piety under Yredelemnul
  6178 | D:8      | Reached skill level 5 in Throwing
  6178 | D:8      | Gained mutation: You are immune to freezing clouds.
                  | [demonic ancestry]
  6178 | D:8      | Reached XP level 10. HP: 77/77 MP: 14/14
  6308 | D:8      | Noticed Grum
  6332 | D:8      | Killed Grum
  6883 | D:9      | Noticed a two-headed ogre
  6893 | D:9      | Killed a two-headed ogre
  6893 | D:9      | Reached skill level 1 in Shields
  7144 | D:9      | Noticed a gargoyle
  7161 | D:9      | Killed a gargoyle
  7227 | D:9      | Found a staircase to the Lair.
  7244 | D:9      | Reached skill level 7 in Fighting
  7593 | D:9      | Received a gift from Yredelemnul (a wight)
  7708 | D:10     | Entered Level 10 of the Dungeon
  7723 | D:10     | Noticed a two-headed ogre
  7752 | D:10     | Killed a two-headed ogre
  7767 | D:10     | HP: 3/79 [centaur warrior zombie (5)]
  7774 | D:10     | HP: 3/79 [centaur warrior zombie (2)]
  7976 | D:10     | Gained mutation: A meltable icy envelope protects you from
                  | harm. (AC +10) [demonic ancestry]
  7976 | D:10     | Reached XP level 11. HP: 17/84 MP: 5/16
  8179 | D:10     | Noticed a two-headed ogre
  8200 | D:10     | Killed a two-headed ogre
  8200 | D:10     | Reached skill level 5 in Evocations
  8278 | D:10     | Received a gift from Yredelemnul (a wight)
  8353 | D:10     | Noticed a necromancer
  8353 | D:10     | Identified the ring of Wufei {rElec MR+ Dex+4 Slay-3}
  8353 | D:10     | Noticed an orc sorcerer
  8434 | D:10     | Killed a necromancer
  8468 | D:10     | Gained mutation: Your flesh is very cold resistant. (rC++)
                  | [potion of mutation]
  8468 | D:10     | Gained mutation: Your spells are a little harder to cast,
                  | but a little more powerful. [potion of mutation]
  8527 | Lair:1   | Entered Level 1 of the Lair of Beasts
  8607 | Lair:1   | Found a frozen archway.
  8654 | IceCv    | Entered an ice cave
  8757 | IceCv    | Reached **** piety under Yredelemnul
  8894 | IceCv    | Received a gift from Yredelemnul (a mummy)
  8900 | IceCv    | Noticed a frost giant
  8940 | IceCv    | Killed a frost giant
  8940 | IceCv    | Reached skill level 10 in Invocations
  8994 | IceCv    | Reached XP level 12. HP: 87/92 MP: 16/19
  8996 | IceCv    | Got a slimy hat
  9007 | IceCv    | Identified the +5 hat "Xuim" {Regen+ Dex+3} (You found it
                  | in an ice cave)
  9207 | IceCv    | Reached skill level 8 in Fighting
  9500 | Lair:1   | Received a gift from Yredelemnul (a mummy)
  9756 | Lair:1   | Noticed a six-headed hydra
  9794 | Lair:1   | Killed a six-headed hydra
  9881 | Lair:1   | You fall into a shaft and drop 1 floor!
 10430 | Lair:2   | Got a pair of twisted boots
 10436 | Lair:2   | Identified the +2 pair of boots of Peorch {rC+} (You found
                  | it on level 2 of the Lair of Beasts)
 10885 | Lair:2   | Found a hole to the Spider Nest.
 11197 | Lair:3   | Reached skill level 9 in Fighting
 11371 | Lair:3   | Noticed a death yak
 11371 | Lair:3   | Noticed a death yak
 11375 | Lair:3   | Noticed a death yak
 11417 | Lair:2   | Killed a death yak
 11417 | Lair:2   | Received a gift from Yredelemnul (a wight)
 11421 | Lair:2   | Killed a death yak
 11472 | Lair:3   | Noticed a four-headed hydra
 11485 | Lair:3   | Killed a four-headed hydra
 11532 | Lair:3   | Noticed a death yak
 11540 | Lair:3   | Killed a death yak
 11552 | Lair:3   | Killed a death yak
 11874 | Lair:4   | Noticed an eight-headed hydra
 11888 | Lair:3   | Reached ***** piety under Yredelemnul
 11914 | Lair:3   | Killed an eight-headed hydra
 11928 | Lair:3   | Reached skill level 10 in Fighting
 11954 | Lair:4   | Gained mutation: You regenerate health from kills. [demonic
                  | ancestry]
 11954 | Lair:4   | Reached XP level 13. HP: 102/103 MP: 19/21
 12241 | Lair:4   | Received a gift from Yredelemnul (a wraith)
 12556 | Lair:4   | Found a staircase to the Swamp.
 13554 | Lair:6   | Entered Level 6 of the Lair of Beasts
 13701 | Lair:6   | Found a staircase to the Slime Pits.
 13773 | Lair:6   | Received a gift from Yredelemnul (4 flying skulls)
 13940 | Lair:6   | Reached skill level 11 in Fighting
 14236 | Lair:6   | Found the macabre finger necklace {rN+}
 14284 | Lair:6   | Received a gift from Yredelemnul (a phantasmal warrior)
 14341 | Lair:6   | Received a gift from Yredelemnul (3 flying skulls)
 14399 | Lair:6   | Found a large runed translucent door.
 14406 | Lair:6   | Found a large runed translucent door.
 14418 | Lair:6   | Reached skill level 10 in Armour
 14436 | Lair:6   | Noticed a fire dragon
 14468 | Lair:6   | Killed a fire dragon
 15014 | D:10     | Reached XP level 14. HP: 113/113 MP: 3/23
 15433 | D:10     | Found the +7 sceptre of Torment {pain, torment}
 15434 | D:10     | Got a jewelled spear
 15591 | D:10     | Found a runed translucent gate.
 15592 | D:10     | Found a runed translucent gate.
 15592 | D:10     | Noticed NeAGen181's ghost (novice DDNe)
 15593 | D:10     | Found a runed translucent gate.
 15599 | D:10     | Found a roughly hewn altar of Beogh.
 15824 | D:10     | Received a gift from Yredelemnul (2 flying skulls)
 15828 | D:10     | Killed NeAGen181's ghost
 15846 | D:10     | Got a shimmering cloak
 15856 | D:10     | Identified the +4 cloak "Huerot" {rElec rCorr} (You found
                  | it on level 10 of the Dungeon)
 15862 | D:10     | Identified the +9 spear "Gauph" {drain, Int+4} (You found
                  | it on level 10 of the Dungeon)
 15866 | D:10     | Identified a scroll of acquirement
 16305 | D:11     | Reached ****** piety under Yredelemnul
 16696 | D:12     | Identified the ring "Zauloaps" {rF+ Str+7}
 16739 | D:11     | Reached skill level 10 in Evocations
 16739 | D:11     | Received a gift from Yredelemnul (a wraith)
 17013 | D:12     | Found a staircase to the Orcish Mines.
 17186 | Orc:1    | Entered Level 1 of the Orcish Mines
 17246 | Orc:1    | Reached skill level 10 in Maces & Flails
 17265 | Orc:1    | Received a gift from Yredelemnul (a skeletal warrior)
 17321 | Orc:1    | Noticed an orc warlord
 17336 | Orc:1    | Killed an orc warlord
 17336 | Orc:1    | Reached skill level 12 in Fighting
 17570 | Orc:2    | Entered Level 2 of the Orcish Mines
 17607 | Orc:2    | Received a gift from Yredelemnul (a flayed ghost)
 17959 | Orc:2    | Found a staircase to the Elven Halls.
 17992 | Orc:2    | Found Neelut's Gadget Shop.
 18408 | Orc:2    | Found Jadd's Book Shop.
 18412 | Orc:2    | Found Tocy's Jewellery Shoppe.
 18418 | Orc:2    | Found Weg Hom's Magic Scroll Shoppe.
 18438 | Orc:2    | Bought a cursed ring of teleportation for 67 gold pieces
 18438 | Orc:2    | Bought a cursed ring of attention for 67 gold pieces
 18438 | Orc:2    | Bought an uncursed amulet of harm for 450 gold pieces
 18554 | Orc:1    | Found Gawu's Antique Weapon Shoppe.
 18712 | D:13     | Received a gift from Yredelemnul (a skeletal warrior)
 18727 | D:13     | Found a gate to the Vaults.
 18761 | D:13     | Found Wiry's Book Emporium.
 18914 | D:13     | Received a gift from Yredelemnul (a phantasmal warrior)
 19193 | D:13     | Gained mutation: You have claws for hands. [demonic
                  | ancestry]
 19193 | D:13     | Reached XP level 15. HP: 108/122 MP: 24/24
 19783 | D:14     | Received a gift from Yredelemnul (a vampire knight)
 20400 | D:14     | Reached skill level 13 in Fighting
 20482 | D:15     | Entered Level 15 of the Dungeon
 20494 | D:14     | Received a gift from Yredelemnul (a ghoul)
 21061 | D:15     | Received a gift from Yredelemnul (a vampire knight)
 21178 | D:15     | Found a shimmering altar of Xom.
 21224 | D:15     | Found a staircase to the Depths.
 21291 | Depths:1 | Entered Level 1 of the Depths
 21345 | Depths:1 | Received a gift from Yredelemnul (a skeletal warrior)
 21546 | Depths:1 | Noticed a fire giant
 21560 | Depths:1 | Killed a fire giant
 21697 | Depths:1 | Received a gift from Yredelemnul (a profane servitor)
 21777 | Depths:1 | Found a gateway to Hell.
 21920 | Depths:1 | Found a one-way gate to the infinite horrors of the Abyss.
 21923 | Depths:1 | Noticed a fire giant
 21929 | Depths:1 | Killed a fire giant
 22531 | Depths:2 | Reached skill level 14 in Fighting
 22565 | Depths:2 | Received a gift from Yredelemnul (a bone dragon)
 22570 | Depths:2 | Gained mutation: You are completely covered in icy blue
                  | scales. (AC +4, rC+) [demonic ancestry]
 22570 | Depths:2 | Reached XP level 16. HP: 112/133 MP: 25/25
 22581 | Depths:2 | Noticed a lich
 22587 | Depths:2 | Noticed a sphinx
 22594 | Depths:2 | Killed a lich
 22599 | Depths:2 | Received a gift from Yredelemnul (a skeletal warrior)
 22599 | Depths:2 | Killed a sphinx
 22613 | Depths:2 | Received a gift from Yredelemnul (a ghoul)
 22613 | Depths:2 | Received a gift from Yredelemnul (a profane servitor)
 22809 | Depths:2 | Found a runed translucent door.
 22812 | Depths:2 | Found a shimmering altar of Xom.
 22814 | Depths:2 | Noticed Cimmios's ghost (veteran BaIE)
 23000 | Depths:2 | Killed Cimmios's ghost
 23009 | Depths:2 | Learned a level 3 spell: Regeneration
 23011 | Depths:2 | Got a bloodstained hand crossbow
 23012 | Depths:2 | Identified the +10 hand crossbow of Death's Door {penet,
                  | Str+8 Stlth+} (You found it on level 2 of the Depths)
 23158 | Depths:2 | Reached skill level 1 in Necromancy
 23158 | Depths:2 | Reached skill level 10 in Dodging
 23161 | Depths:2 | Received a gift from Yredelemnul (a vampire knight)
 23624 | Depths:2 | Noticed Aizul
 23637 | Depths:2 | Killed Aizul
 23696 | Depths:2 | Received a gift from Yredelemnul (a phantasmal warrior)
 23778 | Depths:2 | Reached skill level 15 in Fighting
 23817 | Depths:2 | Noticed a lich
 23823 | Depths:2 | Noticed an Executioner
 23832 | Depths:2 | Killed a lich
 23882 | Depths:2 | Noticed an ancient lich
 23891 | Depths:2 | Killed an ancient lich
 23921 | Depths:2 | Got a crude pewter ring
 23923 | Depths:2 | Identified the ring "Hointeis" {rCorr Int+3} (You found it
                  | on level 2 of the Depths)
 24001 | Depths:3 | Found a one-way gate leading to the halls of Pandemonium.
 24283 | Swamp:1  | Entered Level 1 of the Swamp
 24304 | Swamp:1  | Learned a level 2 spell: Song of Slaying
 24307 | Swamp:1  | Learned a level 2 spell: Shroud of Golubria
 24383 | Swamp:1  | Reached XP level 17. HP: 138/142 MP: 27/27
 24459 | Swamp:1  | Received a gift from Yredelemnul (a flayed ghost)
 24524 | Swamp:1  | Reached skill level 5 in Necromancy
 24556 | Swamp:1  | Got a scorched flail
 24556 | Swamp:1  | Identified the +1 flail of Destiny {vamp, Str+4} (You found
                  | it on level 1 of the Swamp)
 24576 | Swamp:1  | Reached skill level 1 in Charms
 24618 | Swamp:1  | Received a gift from Yredelemnul (a phantasmal warrior)
 25499 | Swamp:2  | Got an ancient plate armour
 25512 | Swamp:2  | Identified the cursed +0 plate armour of Ethir {Dex+5} (You
                  | found it on level 2 of the Swamp)
 25803 | Swamp:3  | Identified the +7 large shield of Nubuw {+Fly MR+ Str+2}
 25803 | Swamp:3  | Noticed Louise
 25821 | Swamp:3  | Killed Louise
 25823 | Swamp:3  | Received a gift from Yredelemnul (a vampire)
 25840 | Swamp:3  | Noticed Roxanne
 25840 | Swamp:3  | Noticed a tentacled monstrosity
 25841 | Swamp:3  | Noticed Donald
 25857 | Swamp:3  | Killed Donald
 25857 | Swamp:3  | Reached skill level 5 in Shields
 25869 | Swamp:3  | Killed a tentacled monstrosity
 25878 | Swamp:3  | Received a gift from Yredelemnul (a ghoul)
 25895 | Swamp:3  | Killed Roxanne
 25911 | Swamp:3  | Noticed Jorgrun
 25925 | Swamp:3  | Killed Jorgrun
 26600 | Swamp:4  | Entered Level 4 of the Swamp
 26600 | Swamp:4  | Found a runed translucent door.
 26601 | Swamp:4  | Noticed FishyPogo's ghost (adept GnSk)
 26657 | Swamp:3  | Killed FishyPogo's ghost
 26797 | Swamp:4  | Received a gift from Yredelemnul (a vampire knight)
 26829 | Swamp:4  | Noticed the 27-headed Lernaean hydra
 26845 | Swamp:4  | Killed the 27-headed Lernaean hydra
 26919 | Swamp:4  | Got a decaying rune of Zot
 27002 | Swamp:4  | Identified the +8 flail of Riwopil {crush, *Noise Dex+6
                  | Stlth+}
 27019 | Swamp:4  | Received a gift from Yredelemnul (a vampire knight)
 27209 | Swamp:4  | Reached XP level 18. HP: 149/149 MP: 28/28
 27217 | Swamp:4  | Reached skill level 10 in Shields
 27219 | Swamp:4  | Received a gift from Yredelemnul (a ghoul)
 27571 | Spider:1 | Entered Level 1 of the Spider Nest
 27643 | Spider:1 | Noticed Frances
 27649 | Spider:1 | Killed Frances
 27703 | Spider:1 | Received a gift from Yredelemnul (a skeletal warrior)
 27917 | Spider:1 | Got a smoking great mace
 27923 | Spider:1 | Identified the +2 great mace of Responsibility {freeze,
                  | +Inv rN+ Int+3} (You found it on level 1 of the Spider
                  | Nest)
 28261 | Spider:1 | Noticed Asterion
 28281 | Spider:1 | Killed Asterion
 28281 | Spider:1 | Enslaved Asterion
 28467 | Spider:2 | Received a gift from Yredelemnul (a skeletal warrior)
 29446 | Spider:3 | Received a gift from Yredelemnul (a ghoul)
 29837 | Spider:4 | Entered Level 4 of the Spider Nest
 29992 | Spider:4 | Received a gift from Yredelemnul (a flayed ghost)
 30017 | Spider:4 | Received a gift from Yredelemnul (a vampire knight)
 30201 | Spider:4 | Got a gossamer rune of Zot
 30248 | Spider:4 | Received a gift from Yredelemnul (a phantasmal warrior)
 30589 | Spider:4 | Received a gift from Yredelemnul (a flayed ghost)
 31259 | Elf:1    | Entered Level 1 of the Elven Halls
 31268 | Elf:1    | Reached skill level 16 in Fighting
 31290 | Elf:1    | Received a gift from Yredelemnul (a vampire knight)
 31333 | Elf:1    | Got a transparent long sword
 31334 | Elf:1    | Identified the +6 long sword of the Forgotten Nights
                  | {flame, rPois rF- Str+8 Int-4} (You found it on level 1 of
                  | the Elven Halls)
 31511 | Elf:1    | Received a gift from Yredelemnul (a phantasmal warrior)
 31562 | Elf:1    | Received a gift from Yredelemnul (a vampire)
 31651 | Elf:1    | Found Faecwoe's Gadget Emporium.
 31651 | Elf:1    | Found Yfaply Vular's Jewellery Shop.
 31652 | Elf:1    | Found Wueptila's Gadget Emporium.
 31667 | Elf:1    | Bought the amulet of Hot Yco {*Contam rElec rPois rF+
                  | Regen+} for 545 gold pieces
 31670 | Elf:1    | Lost mutation: Your flesh is very cold resistant. (rC++)
                  | [potion of mutation]
 31670 | Elf:1    | Lost mutation: Your spells are a little harder to cast, but
                  | a little more powerful. [potion of mutation]
 31670 | Elf:1    | Gained mutation: You have supernaturally acute eyesight.
                  | (SInv) [potion of mutation]
 31670 | Elf:1    | Gained mutation: You tend to lose your temper in combat.
                  | [potion of mutation]
 31670 | Elf:1    | Gained mutation: Your spells are a little harder to cast,
                  | but a little more powerful. [potion of mutation]
 31671 | Elf:1    | Lost mutation: Your spells are a little harder to cast, but
                  | a little more powerful. [potion of mutation]
 31671 | Elf:1    | Lost mutation: You tend to lose your temper in combat.
                  | [potion of mutation]
 31671 | Elf:1    | Lost mutation: You have supernaturally acute eyesight.
                  | (SInv) [potion of mutation]
 31671 | Elf:1    | Gained mutation: Your magical capacity is low. (-10% MP)
                  | [potion of mutation]
 31671 | Elf:1    | Gained mutation: You have supernaturally acute eyesight.
                  | (SInv) [potion of mutation]
 31719 | Elf:1    | Reached XP level 19. HP: 157/157 MP: 26/26
 31769 | Elf:1    | Found a portal to a secret trove of treasure.
 31777 | Elf:1    | You paid a toll of 5 scrolls of blinking to enter a
                  | treasure trove
 31778 | Trove    | Entered a treasure trove
 31790 | Trove    | Got a translucent steel amulet
 31815 | Trove    | Got a pitted leather armour
 31821 | Trove    | Identified the +1 leather armour "Puoppaf" {rElec SInv}
                  | (You found it in a treasure trove)
 31828 | Trove    | Got a dazzling halberd
 31831 | Trove    | Got a clouded marble ring
 31833 | Trove    | Identified the ring of the Present {rC+ rN+ MR+ Int+4} (You
                  | found it in a treasure trove)
 31835 | Trove    | Got a sparkling glass ring
 31837 | Trove    | Identified the ring "Isukk" {Int+3 Dex+4} (You found it in
                  | a treasure trove)
 31861 | Trove    | Identified the +9 halberd "Fifaoniol" {holy, rElec rN++
                  | Dex+3 Stlth+} (You found it in a treasure trove)
 31866 | Trove    | Identified the amulet of Ilabruiq {Reflect -Tele rF+++
                  | Dex+5 SH+3} (You found it in a treasure trove)
 32198 | Elf:1    | Received a gift from Yredelemnul (a skeletal warrior)
 32265 | Elf:1    | Got a ruby-encrusted scale mail
 32276 | Elf:1    | Identified the +10 scale mail of Biof {*Corrode +Blink rC++
                  | SInv} (You found it on level 1 of the Elven Halls)
 32934 | Elf:2    | Found a huge runed translucent gate.
 32934 | Elf:2    | Found a huge runed translucent gate.
 32934 | Elf:2    | Found a huge runed translucent gate.
 32934 | Elf:2    | Found a huge runed translucent gate.
 32937 | Elf:2    | Found a huge runed translucent gate.
 32983 | Elf:2    | Received a gift from Yredelemnul (a ghoul)
 33033 | Elf:2    | Received a gift from Yredelemnul (a flayed ghost)
 33156 | Elf:2    | Received a gift from Yredelemnul (a skeletal warrior)
 33270 | Elf:3    | Entered Level 3 of the Elven Halls
 33386 | Elf:3    | Received a gift from Yredelemnul (a flayed ghost)
 33913 | Elf:3    | Noticed a Tzitzimitl
 33931 | Elf:3    | Reached skill level 17 in Fighting
 34090 | Elf:3    | Found the ring of the Mage {Wiz MR++ Int+3}
 34213 | Elf:3    | Got a serpentine diamond amulet
 34214 | Elf:3    | Identified the amulet of Xuinoil {RegenMP Str+7 Dex-2
                  | Slay-3} (You found it on level 3 of the Elven Halls)
 34228 | Elf:3    | Identified the +5 trident "Bingo" {flame, +Blink rC+ Int+3
                  | Stlth+} (You found it on level 3 of the Elven Halls)
 34260 | Elf:3    | Identified the amulet of Pamineti {Faith rF- rN+ Dex+4}
                  | (You found it on level 3 of the Elven Halls)
 34299 | Elf:3    | Got an iridescent hand axe
 34301 | Elf:3    | Identified the +7 hand axe "Farut" {chop, MR++ Dex+2
                  | Stlth+} (You found it on level 3 of the Elven Halls)
 34315 | Elf:3    | Got a scorched trident
 34315 | Elf:3    | Identified the +8 trident of Egargh {freeze, *Contam rN+
                  | Int+3} (You found it on level 3 of the Elven Halls)
 34319 | Elf:3    | Lost mutation: Your magical capacity is low. (-10% MP)
                  | [potion of mutation]
 34319 | Elf:3    | Lost mutation: You have supernaturally acute eyesight.
                  | (SInv) [potion of mutation]
 34319 | Elf:3    | Gained mutation: Your body sometimes deteriorates upon
                  | taking damage. [potion of mutation]
 34319 | Elf:3    | Gained mutation: Potions are less effective at restoring
                  | your health. [potion of mutation]
 34319 | Elf:3    | Gained mutation: Scrolls take you a little longer to read.
                  | [potion of mutation]
 34319 | Elf:3    | Gained mutation: You are somewhat resistant to further
                  | mutation. [potion of mutation]
 34320 | Elf:3    | Lost mutation: Your body sometimes deteriorates upon taking
                  | damage. [potion of mutation]
 34320 | Elf:3    | Lost mutation: Scrolls take you a little longer to read.
                  | [potion of mutation]
 34320 | Elf:3    | Lost mutation: Potions are less effective at restoring your
                  | health. [potion of mutation]
 34320 | Elf:3    | Gained mutation: You are resistant to hostile enchantments.
                  | (MR+) [potion of mutation]
 34382 | Elf:3    | Gained mutation: You occasionally shout uncontrollably at
                  | your foes. [mutagenic glow]
 34439 | Elf:3    | Gained mutation: You are clumsy. (Dex -2) [mutagenic glow]
 34975 | Depths:3 | Found a gateway to a ziggurat.
 35050 | Depths:3 | Noticed a caustic shrike
 35055 | Depths:3 | Killed a caustic shrike
 35230 | Depths:3 | Got a crystal morningstar
 35231 | Depths:3 | Identified the +7 morningstar of Blood {venom, +Rage rC-
                  | Str+6 Int+3} (You found it on level 3 of the Depths)
 35302 | Depths:3 | Gained mutation: You regenerate a lot of health from kills.
                  | [demonic ancestry]
 35302 | Depths:3 | Reached XP level 20. HP: 168/168 MP: 26/30
 35302 | Depths:3 | Received a gift from Yredelemnul (a vampire knight)
 35339 | Depths:4 | Noticed Boris
 35360 | Depths:4 | Killed Boris
 35367 | Depths:4 | Your ally Asterion died
 35532 | Depths:3 | Noticed a golden dragon
 35539 | Depths:3 | Killed a golden dragon
 35586 | Depths:3 | Reached skill level 15 in Shields
 35892 | Depths:4 | Received a gift from Yredelemnul (a phantasmal warrior)
 36414 | Depths:4 | Found a corrupted altar of Lugonu.
 36698 | Depths:5 | Entered Level 5 of the Depths
 36782 | Depths:5 | Noticed a juggernaut
 36789 | Depths:5 | Noticed a juggernaut
 36793 | Depths:5 | Killed a juggernaut
 36796 | Depths:5 | Received a gift from Yredelemnul (a vampire)
 36800 | Depths:5 | Killed a juggernaut
 36995 | Depths:5 | Reached skill level 18 in Fighting
 37003 | Depths:5 | Received a gift from Yredelemnul (a flayed ghost)
 37257 | Depths:5 | Received a gift from Yredelemnul (a phantasmal warrior)
 37295 | Depths:5 | Killed a golden dragon
 37352 | Depths:5 | Found a gate to the Realm of Zot.
 37447 | Depths:5 | Found a runed translucent door.
 37505 | Depths:5 | Found a shimmering altar of Xom.
 37505 | Depths:5 | Noticed Dieptu's ghost (adept MiBe)
 37506 | Depths:5 | Identified the +3 broad axe "Mais" {chaos, rC+ rN+}
 37782 | Depths:5 | Killed Dieptu's ghost
 37965 | Vaults:1 | Entered Level 1 of the Vaults
 38011 | Vaults:1 | Received a gift from Yredelemnul (a skeletal warrior)
 38141 | Vaults:1 | Found a runed translucent gate.
 38141 | Vaults:1 | Found a runed translucent gate.
 38142 | Vaults:1 | Found a runed translucent gate.
 38143 | Vaults:1 | Noticed Adoajy's ghost (adept DsWr)
 38189 | Vaults:1 | Received a gift from Yredelemnul (a ghoul)
 38249 | Vaults:1 | Reached XP level 21. HP: 178/178 MP: 31/31
 38613 | Vaults:1 | Received a gift from Yredelemnul (a flayed ghost)
 39008 | Vaults:1 | Received a gift from Yredelemnul (a vampire knight)
 39278 | Vaults:2 | Found a ruined gateway.
 39288 | Desolati | Entered the Desolation of Salt
 39377 | Desolati | Received a gift from Yredelemnul (a phantasmal warrior)
 39473 | Desolati | Received a gift from Yredelemnul (a phantasmal warrior)
 39520 | Desolati | Found the +11 plutonium sword {*Contam Stlth-}
 39529 | Desolati | Identified the ring of Noon {+Fly Str+3} (You found it in
                  | the Desolation of Salt)
 39546 | Desolati | Identified Ofrajab's Disquisition on Translocation and Cold
 39673 | Desolati | Received a gift from Yredelemnul (a vampire)
 39735 | Desolati | Got a faintly humming chain mail
 39746 | Desolati | Identified the cursed +0 chain mail of Evolution {rPois
                  | MR+} (You found it in the Desolation of Salt)
 39755 | Desolati | Got a slimy granite ring
 39757 | Desolati | Identified the ring of Makhleb's Regard {Fire MR+} (You
                  | found it in the Desolation of Salt)
 39759 | Desolati | Got an ancient copper ring
 39761 | Desolati | Identified the ring "Nixir" {Fire +Fly} (You found it in
                  | the Desolation of Salt)
 39771 | Desolati | Got a twisted helmet
 39782 | Desolati | Identified the cursed +0 helmet "Xozxicur" {rC++} (You
                  | found it in the Desolation of Salt)
 39804 | Desolati | Received a gift from Yredelemnul (a vampire knight)
 40134 | Desolati | Got a slimy chain mail
 40140 | Desolati | Identified the +5 chain mail of Uphat {*Slow Int+6} (You
                  | found it in the Desolation of Salt)
 40147 | Desolati | Got a flickering tin ring
 40148 | Desolati | Identified the ring "Gesiur" {Fire +Fly MR+} (You found it
                  | in the Desolation of Salt)
 40151 | Desolati | Identified Cadik's Catalogue of Freezing Dislocation
 40157 | Desolati | Identified the Incunabulum of Gliding Ice
 40163 | Desolati | Got a heavily runed scale mail
 40169 | Desolati | Identified the +4 scale mail of Veec {Dex+3} (You found it
                  | in the Desolation of Salt)
 40496 | Vaults:2 | Reached skill level 19 in Fighting
 40541 | Vaults:2 | Received a gift from Yredelemnul (a vampire)
 41329 | Vaults:3 | Found a staircase to the Crypt.
 41329 | Vaults:3 | Found a basalt altar of Yredelemnul.
 41330 | Vaults:3 | Found an ancient bone altar of Kikubaaqudgha.
 41579 | Vaults:3 | Noticed Nikola
 41596 | Vaults:3 | Found Nuigiovu's Jewellery Boutique.
 41596 | Vaults:3 | Killed Nikola
 41609 | Vaults:3 | Received a gift from Yredelemnul (a vampire)
 41734 | Vaults:3 | Found Libap's Weapon Emporium.
 41931 | Vaults:3 | Received a gift from Yredelemnul (a vampire)
 42202 | Vaults:3 | Noticed Frederick
 42207 | Vaults:3 | Killed Frederick
 42298 | Vaults:4 | Reached XP level 22. HP: 188/188 MP: 32/32
 42371 | Vaults:4 | Found Hoeme's Distillery.
 42666 | Vaults:4 | Received a gift from Yredelemnul (a vampire)
 42825 | Vaults:4 | Received a gift from Yredelemnul (a skeletal warrior)
 43381 | Vaults:5 | Entered Level 5 of the Vaults
 43389 | Vaults:5 | Received a gift from Yredelemnul (a phantasmal warrior)
 43389 | Vaults:5 | Reached skill level 20 in Fighting
 43392 | Vaults:5 | Noticed a golden dragon
 43394 | Vaults:5 | Received a gift from Yredelemnul (a skeletal warrior)
 43416 | Vaults:4 | Killed a golden dragon
 43502 | Vaults:5 | Noticed an ancient lich
 43559 | Vaults:5 | Reached XP level 23. HP: 89/198 MP: 7/33
 43598 | Vaults:5 | Identified the +5 mace "Koshrab" {speed, Str+4}
 43621 | Vaults:5 | Received a gift from Yredelemnul (a ghoul)
 43790 | Vaults:5 | Killed an ancient lich
 43895 | Vaults:5 | Identified the +6 arbalest of Isulyot {velocity, Str+2}
 43999 | Vaults:5 | Received a gift from Yredelemnul (a skeletal warrior)
 44294 | Vaults:5 | Got a pair of twisted boots
 44305 | Vaults:5 | Identified the +0 pair of boots "Xidghemuo" {rF+ Str+4}
                  | (You found it on level 5 of the Vaults)
 44513 | Vaults:5 | Got a warped buckler
 44600 | Vaults:5 | Received a gift from Yredelemnul (a flayed ghost)
 44718 | Vaults:5 | Identified the +9 battleaxe of Immorality {chop, Stlth+}
 44718 | Vaults:5 | Identified the +1 robe of Hairiness {rF+ Dex+4}
 44770 | Vaults:5 | Got a silver rune of Zot
 45315 | Zot:1    | Entered Level 1 of the Realm of Zot
 45362 | Zot:1    | Reached skill level 21 in Fighting
 45606 | Zot:1    | Received a gift from Yredelemnul (a flayed ghost)
 45900 | Zot:1    | Got a twisted robe
 46080 | Zot:2    | Noticed a Killer Klown
 46110 | Zot:2    | Killed a Killer Klown
 46263 | Zot:2    | Received a gift from Yredelemnul (a flayed ghost)
 46337 | Zot:2    | Reached XP level 24. HP: 210/210 MP: 33/33
 46541 | Zot:2    | Reached skill level 22 in Fighting
 47004 | Zot:3    | Received a gift from Yredelemnul (a flayed ghost)
 47580 | Zot:3    | Received a gift from Yredelemnul (a vampire knight)
 48055 | Zot:4    | Noticed an orb of fire
 48055 | Zot:4    | Gained mutation: You tend to lose your temper in combat.
                  | [an orb of fire]
 48068 | Zot:4    | Killed an orb of fire
 48068 | Zot:4    | Reached skill level 23 in Fighting
 48068 | Zot:4    | Received a gift from Yredelemnul (a phantasmal warrior)
 48318 | Zot:4    | Received a gift from Yredelemnul (a ghoul)
 48856 | Depths:5 | Lost mutation: You are resistant to hostile enchantments.
                  | (MR+) [potion of mutation]
 48856 | Depths:5 | Lost mutation: You are clumsy. (Dex -2) [potion of
                  | mutation]
 48856 | Depths:5 | Lost mutation: You are somewhat resistant to further
                  | mutation. [potion of mutation]
 48856 | Depths:5 | Lost mutation: You tend to lose your temper in combat.
                  | [potion of mutation]
 48856 | Depths:5 | Gained mutation: You are weak. (Str -2) [potion of
                  | mutation]
 48856 | Depths:5 | Gained mutation: You are dopey. (Int -2) [potion of
                  | mutation]
 48856 | Depths:5 | Gained mutation: You have large cloven feet. [potion of
                  | mutation]
 49524 | Vaults:1 | Killed Adoajy's ghost
 49526 | Vaults:1 | Reached skill level 15 in Maces & Flails
 49980 | Zot:4    | Received a gift from Yredelemnul (a ghoul)
 50301 | Zot:5    | Entered Level 5 of the Realm of Zot
 50464 | Zot:5    | Received a gift from Yredelemnul (a vampire knight)
 50697 | Zot:5    | Gained mutation: You are robust. (+10% HP) [demonic
                  | ancestry]
 50697 | Zot:5    | Reached XP level 25. HP: 209/245 MP: 33/33
 50758 | Zot:5    | Noticed a Killer Klown
 50766 | Zot:5    | Noticed an ancient lich
 50773 | Zot:5    | Reached skill level 24 in Fighting
 50780 | Zot:5    | Noticed a Killer Klown
 50782 | Zot:5    | Killed an ancient lich
 50788 | Zot:5    | Received a gift from Yredelemnul (a bone dragon)
 50789 | Zot:5    | Noticed an orb of fire
 50790 | Zot:5    | Gained mutation: You tend to lose your temper in combat.
                  | [an orb of fire]
 50795 | Zot:5    | Killed a Killer Klown
 50808 | Zot:5    | Gained mutation: You often lose your temper in combat. [an
                  | orb of fire]
 50810 | Zot:5    | Gained mutation: Potions are less effective at restoring
                  | your health. [an orb of fire]
 50813 | Zot:5    | Killed an orb of fire
 50842 | Zot:5    | Noticed an orb of fire
 50843 | Zot:5    | Noticed an orb of fire
 50847 | Zot:5    | Noticed a Killer Klown
 50847 | Zot:5    | Paralysed by the power of Zot for 4 turns
 50849 | Zot:5    | Killed a Killer Klown
 50850 | Zot:5    | Noticed a Killer Klown
 50854 | Zot:5    | Gained mutation: You are clumsy. (Dex -2) [an orb of fire]
 50855 | Zot:5    | Gained mutation: Scrolls take you a little longer to read.
                  | [an orb of fire]
 50929 | Zot:5    | Gained mutation: You are occasionally teleported next to
                  | monsters. [an orb of fire]
 51002 | Zot:5    | Lost mutation: You have large cloven feet. [potion of
                  | mutation]
 51002 | Zot:5    | Lost mutation: You often lose your temper in combat.
                  | [potion of mutation]
 51002 | Zot:5    | Lost mutation: Potions are less effective at restoring your
                  | health. [potion of mutation]
 51002 | Zot:5    | Lost mutation: Scrolls take you a little longer to read.
                  | [potion of mutation]
 51002 | Zot:5    | Gained mutation: You are very robust. (+20% HP) [potion of
                  | mutation]
 51002 | Zot:5    | Gained mutation: You are somewhat resistant to further
                  | mutation. [potion of mutation]
 51003 | Zot:5    | Lost mutation: You are occasionally teleported next to
                  | monsters. [potion of mutation]
 51003 | Zot:5    | Lost mutation: You tend to lose your temper in combat.
                  | [potion of mutation]
 51003 | Zot:5    | Lost mutation: You occasionally shout uncontrollably at
                  | your foes. [potion of mutation]
 51035 | Zot:5    | Killed a Killer Klown
 51066 | Zot:5    | Killed an orb of fire
 51087 | Zot:5    | Noticed an ancient lich
 51117 | Zot:5    | Killed an ancient lich
 51205 | Zot:5    | Reached skill level 25 in Fighting
 51230 | Zot:5    | Noticed an ancient lich
 51245 | Zot:5    | Got the Orb of Zot
 51565 | Depths:5 | Received a gift from Yredelemnul (a phantasmal warrior)
 51842 | D:10     | Noticed Awas the pandemonium lord
 51903 | D:6      | Noticed Xoma Jac the pandemonium lord
 52076 | D:$      | Escaped with the Orb!

Levels and vault maps discovered:
D:1:      tarquinn_simple_flora_water_b, layout_basic
D:2:      layout_basic
D:3:      layout_loops_ring, nicolae_gozag_cash_rules_everything_around_me,
          first_ration, lemuel_old_faithful
D:4:      layout_loops_cross
D:5:      layout_loops_cross, grunt_temple_overflow_open,
          minmay_temple_entry_gardened_gates, basic_altar, uniq_edmund
D:6:      layout_basic
D:7:      layout_basic, grunt_ogre_cave
D:8:      layout_basic, uniq_grum
D:9:      layout_basic, lair_entry_dummy
D:10:     minmay_the_grid_3x2 [minmay_the_grid_empty, minmay_the_grid_doors,
          minmay_the_grid_plusring, minmay_the_grid_diamond_grid,
          minmay_the_grid_garden, minmay_the_grid_prize_diamond_cup],
          layout_small_grid, biasface_ghost_orc_armoury
D:11:     layout_basic
D:12:     layout_rooms, orc_0_dummy
D:13:     layout_irregular_city, lightli_vaults_fourway_checkpoint,
          serial_shops, shop, minmay_door_square, kennysheep_generic_room_12
D:14:     layout_basic, minmay_misc_feat_rugged
D:15:     hangedman_depths_entry_try_elsewhere_first, layout_rooms,
          minmay_misc_feat_four_crosses, gauntlet_entry_generic,
          xom_teletrap_fun
Lair:1:   layout_regular_city, portal_ice_cave_demonic_guard
Lair:2:   layout_loops_ring, spider_nest_entry_a, lemuel_fruit_tree,
          infiniplex_staircase_pool_2, serial_bayou_shore_a
Lair:3:   layout_long_grid
Lair:4:   layout_layer_cave, skrybe_swamp_entry_bodies
Lair:5:   layout_small_grid, lemuel_fruit_fields
Lair:6:   cheibrodos_lair_end_hotspot, layout_small_grid, slime_dummy,
          grunt_forest_large_clearing_hut
Swamp:1:  layout_basic_swamp, evilmike_swamp_ruin_house_1
Swamp:2:  layout_basic_swamp, serial_swamp_ruin, evilmike_swamp_ruin_house_2,
          evilmike_swamp_ruin_house_6, evilmike_swamp_ruin_house_3
Swamp:3:  layout_basic_swamp, nicolae_swamp_stair_fork, uniq_donald,
          uniq_roxanne, uniq_jorgrun, uniq_louise
Swamp:4:  grunt_swamp_rune_castle, layout_basic_swamp, gammafunk_ghost_grave,
          swamp_pool1
Spider:1: layout_spider_delve, uniq_frances, uniq_asterion
Spider:2: layout_spider_delve
Spider:3: layout_spider_delve
Spider:4: guppyfry_spider_rune
Orc:1:    layout_diamond_mine, serial_shops, nicolae_shop_overgrown_old_shop
Orc:2:    st_orc_elflike, layout_caves
Elf:1:    minmay_elf_arrival_plus, layout_onion_city,
          nicolae_trove_entry_free_sample, evilmike_minifort, st_stairs_6,
          minivault_16, minivault_8, minmay_shop_grove
Elf:2:    layout_loops_corners
Elf:3:    elf_hall, layout_geoelf_castle, drop_trap
Vaults:1: gammafunk_vaults_ghost_necromancy, v_misc_26,
          nicolae_vaults_network_quincunx
          [nicolae_vaults_network_quincunx_subvault,
          nicolae_vaults_network_quincunx_subvault,
          nicolae_vaults_network_quincunx_subvault,
          nicolae_vaults_network_quincunx_subvault,
          nicolae_vaults_network_quincunx_subvault],
          nicolae_vaults_network_star, v_misc_32,
          hangedman_vaults_corner_blocks, hangedman_vaults_maws,
          nicolae_vaults_know_your_exits, hangedman_vaults_stitches,
          ontoclasm_vaults_shuriken, v_misc_19, hangedman_vaults_impose,
          nicolae_vaults_little_squares_5, layout_vaults_omnibox
Vaults:2: v_misc_14, nicolae_vaults_inception_corners, vaults_dpeg_spiral,
          nicolae_vaults_three_branches, nicolae_vaults_sealed_display,
          vaults_room_stairs_pillars, layout_vaults_chaotic_city,
          portal_desolation_entry_nicolae_slug
Vaults:3: nicolae_vaults_asterisk, nicolae_vaults_what_the_h,
          minmay_crypt_entry_necro_gods, v_misc_26, hangedman_vaults_trim,
          dpeg_vaults_monster_box, vaults_room_corners, vaults_dpeg_diagonal,
          v_alt_pattern_4, hangedman_vaults_slice, nicolae_vaults_shelves_hall,
          layout_vaults_omnicross, serial_shops, shop, uniq_frederick,
          uniq_nikola
Vaults:4: v_misc_10, nicolae_vaults_arrows, nicolae_vaults_meeting, v_rooms_4,
          v_rooms_4, hangedman_vaults_slice, grunt_vaults_hallway_short,
          v_misc_19, nicolae_vaults_network_quinsquares
          [nicolae_vaults_network_quincunx_subvault,
          nicolae_vaults_network_quincunx_subvault,
          nicolae_vaults_network_quincunx_subvault,
          nicolae_vaults_network_quincunx_subvault], grunt_vaults_hallway_short,
          nicolae_vaults_little_squares_4, layout_vaults_maze_snakey,
          serial_shops, shop_fountains
Vaults:5: serial_shops
Depths:1: layout_basic, hangedman_abyss_entry_splay, grunt_hell_horde,
          corexii_hall_statues_x, fountainhead, lemuel_flame_loot_1,
          grunt_megastairs_1
Depths:2: constructs_gauntlet_mu_hangedman, layout_basic, chequers_big_river,
          ebering_ghost_xom, hellmouth_3, kennysheep_flooded_box,
          kennysheep_potato, infiniplex_staircase_river, uniq_aizul
Depths:3: minmay_curly_fans, layout_cave_pools, enter_ziggurat_d,
          pf_coc_iceberg, minmay_misc_feat_doors, serial_co_window_serial,
          co_window_of_opportunity_a, co_window_paths_b, co_window_corner_a,
          co_window_corner_a, co_window_paths_b, co_window_cross_2,
          co_window_broadway_c, co_window_corner_b, glass_columns_c,
          glass_columns_a, glass_columns_c, glass_columns_a, glass_columns_a,
          pan_entry, firewood_loft, minmay_staircase_statues
Depths:4: cheibrodos_quadrivalence, layout_basic, abyss_entry_flame_altar,
          hell_entry, minmay_misc_feat_ornament, uniq_boris
Depths:5: evilmike_zot_entry_hall, layout_cave_pools, grunt_hell_entry_dis_mu,
          minmay_stone_trees_large, ebering_ghost_xom
Zot:1:    kennysheep_oblong_rooms, layout_basic
Zot:2:    grunt_zot_stairs_overgrown, layout_twisted_circle,
          lemuel_baited_zot_trap
Zot:3:    layout_gridlike
Zot:4:    layout_twisted_circle
Zot:5:    layout_gridlike, nicolae_lava_and_water

Skill      XL: |  1  2  3  4  5  6  7  8  9 10 11 12 13 14 15 16 17 18 19 20 21 22 23 24 25 |
---------------+----------------------------------------------------------------------------+-----
Armour         | 1 2 3 4 5 6 8 9 10 11 12 13 | 13.6
Throwing       | 2 3 4 5 |  5.0
Maces & Flails | 3 4 5 6 7 8 9 10 11 12 13 15 16 | 16.6
Dodging        | 3 4 5 6 7 8 9 10 11 | 11.0
Fighting       | 3 4 5 6 7 10 11 12 14 15 16 17 18 19 20 21 23 25 | 25.0
Invocations    | 2 4 5 7 10 11 12 13 14 | 14.0
Evocations     | 2 4 7 8 9 10 11 | 11.0
Shields        | 4 9 11 14 16 18 20 21 | 21.4
Necromancy     | 4 6 7 8 9 |  9.0
Charms         | 2 3 |  3.0

Action                   |  1- 3 |  4- 6 |  7- 9 | 10-12 | 13-15 | 16-18 | 19-21 | 22-24 | 25-27 || total
-------------------------+-------+-------+-------+-------+-------+-------+-------+-------+-------++-------
Melee: Flail             |    65 |    61 |   246 |   747 |   440 |     5 |   213 |    77 |    59 ||  1913
       Whip              |    19 |   179 |   158 |   112 |       |       |       |       |       ||   468
       Eveningstar       |       |       |       |       |   721 |   863 |   729 |  1198 |   195 ||  3706
 Fire: Hand crossbow     |       |       |       |       |       |    27 |       |       |       ||    27
Throw: Stone             |       |       |     5 |       |       |       |       |       |       ||     5
       Dart              |       |       |    32 |    17 |    34 |       |       |     8 |       ||    91
       Boomerang         |       |       |       |     4 |    14 |    50 |     2 |    13 |       ||    83
Invok: Animate Remains   |       |       |     8 |       |       |       |       |       |       ||     8
       Animate Dead      |       |       |     2 |    27 |   111 |   121 |    81 |    59 |     5 ||   406
       Injury Mirror     |       |       |       |     4 |     1 |     3 |     1 |       |     1 ||    10
       Recall Undead Sla |       |       |       |     2 |     1 |     4 |    11 |     5 |     1 ||    24
       Drain Life        |       |       |       |     1 |     1 |     1 |     4 |     7 |     2 ||    16
       Enslave Soul      |       |       |       |       |     4 |     1 |       |       |     1 ||     6
Evoke: Wand              |       |       |     2 |     3 |     2 |     6 |     3 |       |       ||    16
  Use: Scroll            |       |     2 |       |    17 |     5 |    11 |    14 |     4 |    10 ||    63
       Potion            |       |       |     3 |     5 |     2 |     8 |     3 |     6 |    18 ||    45
 Stab: Sleeping          |     2 |    10 |     3 |     6 |     1 |       |     1 |       |       ||    23
       Paralysed         |       |       |     9 |       |       |       |     1 |       |       ||    10
       Distracted        |       |       |     1 |    14 |    13 |    21 |    24 |    21 |     3 ||    97
       Betrayed ally     |       |       |       |       |       |     1 |       |       |       ||     1
  Eat: Chunk             |    13 |     7 |    12 |    27 |    79 |    66 |    52 |    46 |     1 ||   303
       Ration            |       |       |       |       |       |       |       |     1 |     4 ||     5
Armor: Leather armour    |    21 |    68 |   152 |   235 |   235 |       |       |       |       ||   711
       Skin              |       |       |    38 |       |       |       |       |       |       ||    38
       Troll leather arm |       |       |       |   251 |       |       |       |       |       ||   251
       Scale mail        |       |       |       |       |   424 |    71 |       |       |       ||   495
       Plate armour      |       |       |       |       |       |    33 |   417 |   626 |   140 ||  1216
       Swamp dragon scal |       |       |       |       |       |   469 |       |       |       ||   469
       Chain mail        |       |       |       |       |       |       |     5 |       |       ||     5
Dodge: Dodged            |    64 |   142 |   292 |   682 |   907 |   757 |   286 |   376 |    91 ||  3597
Block: Buckler           |       |       |       |   182 |   398 |   192 |       |       |       ||   772
       Large shield      |       |       |       |       |       |   389 |  1319 |  1740 |   364 ||  3812
       Shield            |       |       |       |       |       |   112 |       |       |       ||   112
       Reflection        |       |       |       |       |       |     3 |    87 |    39 |       ||   129
